Flyers vs Maple Leafs
Created - 1 novembre 2013 at 19:04
Goals
|
| Flyers |
0 |
3 |
0 |
3 |
| Maple Leafs |
1 |
3 |
0 |
4 |
|
Shots
|
| Flyers |
7 |
10 |
12 |
29 |
| Maple Leafs |
12 |
15 |
13 |
40 |
|
1st period
1. Maple Leafs , Jamal Mayers 1 (Brendan Morrison, Dustin Penner) at 10:00
Penalties :
Marc-André Fleury (Tor) for Slashing (Minor) at 2:53 - Dion Phaneuf served the penalty, Nolan Pratt (Phi) for Hooking (Minor) at 11:30, Byron Bitz (Tor) for Interference (Minor) at 14:30, Robert Nilsson (Tor) for Tripping (Minor) at 17:24
2nd period
2. Flyers , Justin Williams 1 (Scottie Upshall, Jeff O'Neill) at 2:29
3. Maple Leafs , Brett Clark 1 (Brendan Morrison) at 13:08
4. Maple Leafs , Brendan Morrison 3 (Jamal Mayers, Alex Goligoski) at 16:13
5. Flyers , Eric Godard 1 (David Moss, Blair Betts) at 17:41
6. Flyers , Scottie Upshall 1 (David Vyborny) at 18:12
7. Maple Leafs , Jamal Mayers 2 (Lasse Kukkonen, Brendan Morrison) at 19:36
Penalties :
Alexander Frolov (Tor) for Roughing (Minor) at 2:36, Jay Harrison (Tor) for Hooking (Minor) at 11:55, Jeff O'Neill (Phi) for Roughing (Minor) at 12:08
3rd period
No Goal
Penalties :
James Wisniewski (Phi) for Roughing (Minor) at 1:20, Claude Giroux (Tor) for Hooking (Minor) at 19:03, Martin St. Louis (Phi) for Interference (Minor) at 19:03
Goalie Stats
Chris Mason (Phi), 36 saves from 40 shots - (0,900), L, 3-2-0, 59:13 minutes
Marc-André Fleury (Tor), 26 saves from 29 shots - (0,897), W, 4-2-0, 60:00 minutes
Players Stats for Flyers
Player Name G A P +/- PIM S H SB GA TA FO MP PP MP PK MP
------------------------------------------------------------------------------------
Andrei Kostitsyn 0 0 0 0 0 2 5 0 0 0 0/2 20:40 3:17 0:31
Blair Betts 0 1 1 0 0 1 1 0 1 1 3/5 8:55 0:54 1:21
Chris Pronger 0 0 0 0 0 2 0 3 1 1 0/0 29:08 3:40 3:19
David Moss 0 1 1 1 0 2 0 0 0 0 0/0 7:50 0:59 0:52
David Vyborny 0 1 1 0 0 0 2 0 0 0 0/0 12:23 0:54 0:00
Eric Godard 1 0 1 1 0 1 0 0 1 0 0/0 6:12 0:12 0:00
James Wisniewski 0 0 0 -2 2 0 1 1 0 1 0/0 17:47 3:46 0:00
Jeff O'Neill 0 1 1 0 2 2 0 0 1 1 5/15 17:38 3:45 2:31
Jonathan Ericsson 0 0 0 1 0 0 2 4 1 1 0/0 28:13 4:14 2:58
Justin Williams 1 0 1 -1 0 5 0 0 2 0 0/0 13:59 3:46 0:00
Marcel Hossa 0 0 0 -1 0 2 2 0 1 0 1/1 11:18 0:12 0:00
Martin St. Louis 0 0 0 0 2 3 0 0 0 1 3/4 21:10 3:17 0:00
Mike Lundin 0 0 0 1 0 1 2 0 0 0 0/0 14:33 0:52 1:08
Nolan Pratt 0 0 0 0 2 2 0 1 0 0 0/0 13:13 0:00 0:47
Olli Jokinen 0 0 0 -1 0 1 0 0 0 1 3/4 11:49 0:12 0:28
Scott Hannan 0 0 0 -2 0 2 1 1 0 1 0/0 17:58 3:46 0:05
Scottie Upshall 1 1 2 -1 0 2 0 2 0 0 0/2 18:33 3:41 2:44
Vincent Lecavalier 0 0 0 0 0 1 0 1 3 0 12/35 21:44 3:17 0:00
Players Stats for Maple Leafs
Player Name G A P +/- PIM S H SB GA TA FO MP PP MP PK MP
------------------------------------------------------------------------------------
Alex Goligoski 0 1 1 1 0 2 1 1 1 2 0/0 21:58 2:48 3:49
Alexander Frolov 0 0 0 -1 2 6 0 0 0 0 1/1 21:19 2:18 3:29
Andy Hilbert 0 0 0 2 0 0 1 0 0 0 1/1 8:05 0:00 1:46
Brendan Morrison 1 3 4 3 0 5 1 0 0 1 3/4 11:34 1:53 3:23
Brett Clark 1 0 1 1 0 2 1 1 1 0 0/0 16:00 1:10 3:49
Byron Bitz 0 0 0 -1 2 0 1 0 0 2 0/0 14:40 1:53 0:00
Claude Giroux 0 0 0 -1 2 3 4 1 1 0 3/5 19:49 2:18 0:00
Dion Phaneuf 0 0 0 0 0 2 0 0 2 2 0/0 26:42 1:23 3:51
Dustin Penner 0 1 1 -1 0 3 0 0 1 0 0/0 14:47 1:53 0:07
Jamal Mayers 2 1 3 2 0 3 0 0 0 1 0/0 6:24 0:00 0:00
Jay Harrison 0 0 0 0 2 1 0 0 0 0 0/0 10:44 0:00 0:29
Lasse Kukkonen 0 1 1 0 0 1 0 1 0 0 0/0 15:07 0:00 0:29
Nils Ekman 0 0 0 0 0 0 0 0 0 0 0/0 10:55 0:00 0:00
Paul Stastny 0 0 0 0 0 3 0 0 0 0 2/6 12:40 0:00 1:48
Pierre-Marc Bouchard 0 0 0 0 0 0 1 1 0 0 4/4 15:03 0:00 2:19
Robert Nilsson 0 0 0 -1 2 3 2 0 1 0 27/45 23:45 2:18 3:26
Steve Ott 0 0 0 0 0 3 0 0 1 1 0/2 11:15 0:00 0:00
Tobias Enstrom 0 0 0 0 0 3 0 3 0 2 0/0 28:17 3:01 3:51
3 Stars
1 - Brendan Morrison (Tor)
2 - Jamal Mayers (Tor)
3 - Brett Clark (Tor)
Power Play
Flyers - 0 on 5 Attempt(s) - 0,00%
Maple Leafs - 0 on 3 Attempt(s) - 0,00%
Penalty Kill
Flyers - 3 on 3 Attempt(s) - 100,00%
- Score 0 goal in Penalty Kill
Maple Leafs - 5 on 5 Attempt(s) - 100,00%
- Score 0 goal in Penalty Kill
Official
Referees : Pochmara Brian and VanMassenhoven Don
Linesman : Steve Miller and Derek Nansen
Game Notes
No Game Note
Finance
Level 1 -- Attendance: 4691 (78,18%) -- Ticket Income 422 190 $
Level 2 -- Attendance: 3465 (69,30%) -- Ticket Income 190 575 $
Level 3 -- Attendance: 1857 (92,85%) -- Ticket Income 59 424 $
Level 4 -- Attendance: 3823 (95,58%) -- Ticket Income 76 460 $
Luxury Box -- Attendance: 774 (77,40%) -- Ticket Income 135 450 $
Game was played at the Maple Leafs Garden
Total Attendance: 14610 (81,17%)
Total Ticket Income: 884 099 $
Other Income: 132 615 $
Total Income: 1 016 714 $
Flyers
5 vs 5 Forward
Center Left Wing Right Wing Time % Phy DF OF
1 Vincent Lecavalier Andrei Kostitsyn Martin St. Louis 40 1 2 2
2 Jeff O'Neill Scottie Upshall David Vyborny 30 1 2 2
3 Olli Jokinen Marcel Hossa Justin Williams 20 1 2 2
4 Blair Betts David Moss Eric Godard 10 1 2 2
5 vs 5 Defense
Defense Defense Time % Phy DF OF
1 Chris Pronger Jonathan Ericsson 40 1 2 2
2 James Wisniewski Scott Hannan 30 1 2 2
3 Mike Lundin Nolan Pratt 20 1 2 2
4 Chris Pronger Jonathan Ericsson 10 1 2 2
PowerPlay Forward
Center Left Wing Right Wing Time % Phy DF OF
1 Vincent Lecavalier Andrei Kostitsyn Martin St. Louis 60 1 2 2
2 Jeff O'Neill Scottie Upshall Justin Williams 40 1 2 2
PowerPlay Defense
Defense Defense Time % Phy DF OF
1 Chris Pronger Jonathan Ericsson 60 1 2 2
2 James Wisniewski Scott Hannan 40 1 2 2
Penalty Kill 4 Players Forward
Center Wing Time % Phy DF OF
1 Jeff O'Neill Scottie Upshall 60 1 2 2
2 Blair Betts David Moss 40 1 2 2
Penalty Kill 4 Players Defense
Defense Defense Time % Phy DF OF
1 Chris Pronger Jonathan Ericsson 60 1 2 2
2 Nolan Pratt Mike Lundin 40 1 2 2
Penalty Kill - 3 Players Forward
Forward Time % Phy DF OF
1 Jeff O'Neill 60 1 2 2
2 Blair Betts 40 1 2 2
Penalty Kill - 3 Players Defense
Defense Defense Time % Phy DF OF
1 Chris Pronger Jonathan Ericsson 60 1 2 2
2 Nolan Pratt Mike Lundin 40 1 2 2
4 vs 4 Forward
Center Wing Time % Phy DF OF
1 Vincent Lecavalier Martin St. Louis 60 1 2 2
2 Jeff O'Neill Scottie Upshall 40 1 2 2
4 vs 4 Defense
Defense Defense Time % Phy DF OF
1 Chris Pronger Jonathan Ericsson 60 1 2 2
2 James Wisniewski Scott Hannan 40 1 2 2
Last Minutes Offensive
Center Left Wing Right Wing Defense Defense
Vincent Lecavalier Andrei Kostitsyn Martin St. Louis Chris Pronger Jonathan Ericsson
Last Minutes Defensive
Center Left Wing Right Wing Defense Defense
Vincent Lecavalier Scottie Upshall David Vyborny Nolan Pratt Mike Lundin
Goaltenders
Starting : Chris Mason
Backup : Mathieu Garon
Extra Forwards
Normal : Vincent Lecavalier, Martin St. Louis, Scottie Upshall - PP : Vincent Lecavalier, Martin St. Louis - PK : Olli Jokinen
Extra Defensemen
Normal : Chris Pronger, Jonathan Ericsson, Mike Lundin - PP : Chris Pronger - PK : Nolan Pratt, Mike Lundin
Penalty Shots
Vincent Lecavalier, Martin St. Louis, Andrei Kostitsyn, Jeff O'Neill, Scottie Upshall
Maple Leafs
5 vs 5 Forward
Center Left Wing Right Wing Time % Phy DF OF
1 Robert Nilsson Alexander Frolov Claude Giroux 40 1 2 2
2 Pierre-Marc Bouchard Dustin Penner Byron Bitz 30 1 2 2
3 Paul Stastny Steve Ott Nils Ekman 20 1 2 2
4 Brendan Morrison Andy Hilbert Jamal Mayers 10 1 2 2
5 vs 5 Defense
Defense Defense Time % Phy DF OF
1 Dion Phaneuf Tobias Enstrom 40 1 2 2
2 Alex Goligoski Lasse Kukkonen 30 1 2 2
3 Brett Clark Jay Harrison 20 1 2 2
4 Dion Phaneuf Tobias Enstrom 10 1 2 2
PowerPlay Forward
Center Left Wing Right Wing Time % Phy DF OF
1 Robert Nilsson Alexander Frolov Claude Giroux 60 1 2 2
2 Brendan Morrison Dustin Penner Byron Bitz 40 1 2 2
PowerPlay Defense
Defense Defense Time % Phy DF OF
1 Alex Goligoski Tobias Enstrom 60 1 2 2
2 Dion Phaneuf Brett Clark 40 1 2 2
Penalty Kill 4 Players Forward
Center Wing Time % Phy DF OF
1 Robert Nilsson Alexander Frolov 60 1 2 2
2 Brendan Morrison Pierre-Marc Bouchard 40 1 2 2
Penalty Kill 4 Players Defense
Defense Defense Time % Phy DF OF
1 Dion Phaneuf Tobias Enstrom 60 1 2 2
2 Alex Goligoski Brett Clark 40 1 2 2
Penalty Kill - 3 Players Forward
Forward Time % Phy DF OF
1 Brendan Morrison 60 1 2 2
2 Robert Nilsson 40 1 2 2
Penalty Kill - 3 Players Defense
Defense Defense Time % Phy DF OF
1 Dion Phaneuf Tobias Enstrom 60 1 2 2
2 Alex Goligoski Brett Clark 40 1 2 2
4 vs 4 Forward
Center Wing Time % Phy DF OF
1 Claude Giroux Robert Nilsson 60 1 2 2
2 Brendan Morrison Pierre-Marc Bouchard 40 1 2 2
4 vs 4 Defense
Defense Defense Time % Phy DF OF
1 Dion Phaneuf Tobias Enstrom 60 1 2 2
2 Alex Goligoski Brett Clark 40 1 2 2
Last Minutes Offensive
Center Left Wing Right Wing Defense Defense
Robert Nilsson Alexander Frolov Claude Giroux Dion Phaneuf Tobias Enstrom
Last Minutes Defensive
Center Left Wing Right Wing Defense Defense
Robert Nilsson Alexander Frolov Claude Giroux Dion Phaneuf Tobias Enstrom
Goaltenders
Starting : Marc-André Fleury
Backup : Viktor Fasth
Extra Forwards
Normal : Steve Ott, Nils Ekman, Paul Stastny - PP : Steve Ott, Nils Ekman - PK : Paul Stastny
Extra Defensemen
Normal : Lasse Kukkonen, Jay Harrison, Tobias Enstrom - PP : Lasse Kukkonen - PK : Jay Harrison, Tobias Enstrom
Penalty Shots
Claude Giroux, Robert Nilsson, Brendan Morrison, Pierre-Marc Bouchard, Dustin Penner
% Time on Ice - Flyers
Lines # - Real PCT - Wanted PCT - Time Play
Normal Forward
1 - 37% - 40% - 16:34
2 - 26% - 30% - 11:49
3 - 24% - 20% - 10:55
4 - 13% - 10% - 5:40
Normal Defense
1 - 41% - 40% - 18:33
2 - 31% - 30% - 14:01
3 - 24% - 20% - 10:39
4 - 4% - 10% - 1:45
PP Forward
1 - 42% - 60% - 3:27
2 - 58% - 40% - 4:42
PP Defense
1 - 54% - 60% - 4:23
2 - 46% - 40% - 3:46
PK Forward
1 - 76% - 60% - 3:11
2 - 24% - 40% - 1:00
PK Defense
1 - 73% - 60% - 3:03
2 - 27% - 40% - 1:08
PK3 Forward
1 - 0% - 60%
2 - 0% - 40%
PK3 Defense
1 - 0% - 60%
2 - 0% - 40%
44 Forward
1 - 91% - 60% - 2:28
2 - 9% - 40% - 0:14
44 Defense
1 - 71% - 60% - 1:55
2 - 29% - 40% - 0:47
Last Minute Offensive - 0:00
Last Minute Defensive - 0:00
Total
Forward - 60:00
Defense - 60:00
|
% Time on Ice - Maple Leafs
Lines # - Real PCT - Wanted PCT - Time Play
Normal Forward
1 - 36% - 40% - 16:11
2 - 28% - 30% - 12:39
3 - 23% - 20% - 10:16
4 - 13% - 10% - 5:52
Normal Defense
1 - 41% - 40% - 18:33
2 - 34% - 30% - 15:17
3 - 23% - 20% - 10:12
4 - 2% - 10% - 0:56
PP Forward
1 - 55% - 60% - 2:18
2 - 45% - 40% - 1:53
PP Defense
1 - 72% - 60% - 3:01
2 - 28% - 40% - 1:10
PK Forward
1 - 74% - 60% - 6:01
2 - 26% - 40% - 2:08
PK Defense
1 - 48% - 60% - 3:56
2 - 52% - 40% - 4:13
PK3 Forward
1 - 0% - 60%
2 - 0% - 40%
PK3 Defense
1 - 0% - 60%
2 - 0% - 40%
44 Forward
1 - 92% - 60% - 2:29
2 - 8% - 40% - 0:13
44 Defense
1 - 78% - 60% - 2:07
2 - 22% - 40% - 0:35
Last Minute Offensive - 0:00
Last Minute Defensive - 0:00
Total
Forward - 60:00
Defense - 60:00
|
Play by Play
1st period
0:01 of 1st period - Robert Nilsson wins face-off versus Vincent Lecavalier in neutral zone.
0:12 of 1st period - Snap shot by Claude Giroux.
0:12 of 1st period - Shot Misses the Net.
1:17 of 1st period - Steve Ott is hit by Andrei Kostitsyn and loses puck.
2:38 of 1st period - Snap shot by Tobias Enstrom.
2:38 of 1st period - Shot Blocked by Jonathan Ericsson.
2:53 of 1st period - Snap shot by Andrei Kostitsyn.
2:53 of 1st period - Stopped by Marc-André Fleury without a rebound.
2:53 of 1st period - Minor Penalty to Marc-André Fleury for Slashing.
2:54 of 1st period - Robert Nilsson wins face-off versus Jeff O'Neill in Maple Leafs zone.
3:03 of 1st period - James Wisniewski is hit by Alex Goligoski and loses puck.
3:10 of 1st period - Snap shot by Robert Nilsson.
3:10 of 1st period - Stopped by Chris Mason with a rebound.
4:47 of 1st period - Brendan Morrison is hit by Marcel Hossa.
4:53 of 1st period - Penalty to Dion Phaneuf is over, Dion Phaneuf is back on ice.
5:07 of 1st period - Mike Lundin is hit by Pierre-Marc Bouchard and loses puck.
7:50 of 1st period - Martin St. Louis is hit by Brendan Morrison and loses puck.
9:02 of 1st period - Icing by David Vyborny.
9:03 of 1st period - Robert Nilsson wins face-off versus Vincent Lecavalier in Flyers zone.
9:30 of 1st period - Off-side.
9:31 of 1st period - Olli Jokinen wins face-off versus Robert Nilsson in neutral zone.
10:00 of 1st period - Wrist shot by Jamal Mayers.
10:00 of 1st period - Goal by Jamal Mayers - Flyers : 0 - Maple Leafs : 1.
10:01 of 1st period - Vincent Lecavalier wins face-off versus Robert Nilsson in neutral zone.
10:09 of 1st period - Snap shot by Claude Giroux.
10:09 of 1st period - Shot Misses the Net.
10:11 of 1st period - Snap shot by Alexander Frolov.
10:11 of 1st period - Shot Blocked by Jonathan Ericsson.
10:13 of 1st period - Wrist shot by Alexander Frolov.
10:13 of 1st period - Stopped by Chris Mason without a rebound.
10:14 of 1st period - Robert Nilsson wins face-off versus Vincent Lecavalier in Flyers zone.
10:25 of 1st period - Slapshot by Scott Hannan.
10:25 of 1st period - Stopped by Marc-André Fleury with a rebound.
10:27 of 1st period - Slapshot by Scott Hannan.
10:27 of 1st period - Shot Blocked by Alex Goligoski.
10:48 of 1st period - Snap shot by Byron Bitz.
10:48 of 1st period - Shot Blocked by Scottie Upshall.
10:50 of 1st period - Slapshot by Dustin Penner.
10:50 of 1st period - Stopped by Chris Mason without a rebound.
10:51 of 1st period - Robert Nilsson wins face-off versus Vincent Lecavalier in Flyers zone.
11:18 of 1st period - Scottie Upshall is hit by Byron Bitz and loses puck.
11:30 of 1st period - Minor Penalty to Nolan Pratt for Hooking.
11:31 of 1st period - Jeff O'Neill wins face-off versus Robert Nilsson in Flyers zone.
11:42 of 1st period - Snap shot by Jeff O'Neill.
11:42 of 1st period - Shot Blocked by Tobias Enstrom.
11:44 of 1st period - Slapshot by Chris Pronger.
11:44 of 1st period - Deflect By Jeff O'Neill.
11:44 of 1st period - Shot Blocked by Tobias Enstrom.
11:44 of 1st period - Puck is out of play.
11:45 of 1st period - Jeff O'Neill wins face-off versus Robert Nilsson in Maple Leafs zone.
11:48 of 1st period - Slapshot by Jeff O'Neill.
11:48 of 1st period - Stopped by Marc-André Fleury without a rebound.
11:49 of 1st period - Robert Nilsson wins face-off versus Scottie Upshall in Maple Leafs zone.
12:00 of 1st period - Snap shot by Robert Nilsson.
12:00 of 1st period - Shot Misses the Net.
12:02 of 1st period - Slapshot by Claude Giroux.
12:02 of 1st period - Shot Misses the Net.
12:04 of 1st period - Snap shot by Robert Nilsson.
12:04 of 1st period - Shot Misses the Net.
12:06 of 1st period - Wrist shot by Alexander Frolov.
12:06 of 1st period - Stopped by Chris Mason without a rebound.
12:07 of 1st period - Jeff O'Neill wins face-off versus Brendan Morrison in Flyers zone.
12:16 of 1st period - Slapshot by Alex Goligoski.
12:16 of 1st period - Shot Blocked by Chris Pronger.
12:18 of 1st period - Snap shot by Byron Bitz.
12:18 of 1st period - Shot Misses the Net.
12:20 of 1st period - Wrist shot by Brendan Morrison.
12:20 of 1st period - Shot Misses the Net.
12:22 of 1st period - Snap shot by Tobias Enstrom.
12:22 of 1st period - Stopped by Chris Mason without a rebound.
12:23 of 1st period - Robert Nilsson wins face-off versus Jeff O'Neill in Flyers zone.
12:24 of 1st period - Wrist shot by Claude Giroux.
12:24 of 1st period - Shot Misses the Net.
12:26 of 1st period - Snap shot by Alexander Frolov.
12:26 of 1st period - Deflect By Chris Pronger.
12:26 of 1st period - Stopped by Chris Mason without a rebound.
12:27 of 1st period - Robert Nilsson wins face-off versus Jeff O'Neill in Flyers zone.
12:38 of 1st period - Snap shot by Alexander Frolov.
12:38 of 1st period - Shot Misses the Net.
12:40 of 1st period - Slapshot by Alexander Frolov.
12:40 of 1st period - Stopped by Chris Mason without a rebound.
12:41 of 1st period - Robert Nilsson wins face-off versus Jeff O'Neill in Flyers zone.
13:08 of 1st period - Wrist shot by Brendan Morrison.
13:08 of 1st period - Deflect By Jonathan Ericsson.
13:08 of 1st period - Shot Blocked by Jonathan Ericsson.
13:08 of 1st period - Puck is out of play.
13:09 of 1st period - Brendan Morrison wins face-off versus Blair Betts in Flyers zone.
13:20 of 1st period - Snap shot by Dustin Penner.
13:20 of 1st period - Stopped by Chris Mason with a rebound.
13:22 of 1st period - Wrist shot by Brendan Morrison.
13:22 of 1st period - Stopped by Chris Mason with a rebound.
13:24 of 1st period - Snap shot by Brett Clark.
13:24 of 1st period - Shot Misses the Net.
13:30 of 1st period - Penalty to Nolan Pratt is over, Nolan Pratt is back on ice.
13:34 of 1st period - Slapshot by Chris Pronger.
13:34 of 1st period - Stopped by Marc-André Fleury with a rebound.
14:16 of 1st period - Icing by Alex Goligoski.
14:17 of 1st period - Pierre-Marc Bouchard wins face-off versus Vincent Lecavalier in Maple Leafs zone.
14:26 of 1st period - Lasse Kukkonen is hit by Scott Hannan and loses puck.
14:30 of 1st period - Minor Penalty to Byron Bitz for Interference.
14:31 of 1st period - Robert Nilsson wins face-off versus Andrei Kostitsyn in Maple Leafs zone.
14:40 of 1st period - Slapshot by Scott Hannan.
14:40 of 1st period - Stopped by Marc-André Fleury with a rebound.
14:42 of 1st period - Slapshot by Scott Hannan.
14:42 of 1st period - Deflect By Vincent Lecavalier.
14:42 of 1st period - Shot Misses the Net.
14:42 of 1st period - Puck is out of play.
14:43 of 1st period - Robert Nilsson wins face-off versus Vincent Lecavalier in Maple Leafs zone.
14:52 of 1st period - Jonathan Ericsson is hit by Robert Nilsson and loses puck.
15:50 of 1st period - Icing by James Wisniewski.
15:51 of 1st period - Pierre-Marc Bouchard wins face-off versus Vincent Lecavalier in Flyers zone.
16:17 of 1st period - Wrist shot by Scottie Upshall.
16:17 of 1st period - Stopped by Marc-André Fleury without a rebound.
16:18 of 1st period - Vincent Lecavalier wins face-off versus Robert Nilsson in Maple Leafs zone.
16:30 of 1st period - Penalty to Byron Bitz is over, Byron Bitz is back on ice.
16:43 of 1st period - Slapshot by Dustin Penner.
16:43 of 1st period - Stopped by Chris Mason with a rebound.
17:11 of 1st period - Wrist shot by Olli Jokinen.
17:11 of 1st period - Deflect By Justin Williams.
17:11 of 1st period - Shot Misses the Net.
17:11 of 1st period - Puck is out of play.
17:12 of 1st period - Vincent Lecavalier wins face-off versus Robert Nilsson in Maple Leafs zone.
17:13 of 1st period - Snap shot by Martin St. Louis.
17:13 of 1st period - Stopped by Marc-André Fleury without a rebound.
17:14 of 1st period - Robert Nilsson wins face-off versus Martin St. Louis in Maple Leafs zone.
17:19 of 1st period - Slapshot by Tobias Enstrom.
17:19 of 1st period - Shot Blocked by Vincent Lecavalier.
17:21 of 1st period - Snap shot by Dion Phaneuf.
17:21 of 1st period - Shot Blocked by Nolan Pratt.
17:23 of 1st period - Slapshot by Dion Phaneuf.
17:23 of 1st period - Stopped by Chris Mason without a rebound.
17:24 of 1st period - Robert Nilsson wins face-off versus Vincent Lecavalier in Flyers zone.
17:24 of 1st period - Minor Penalty to Robert Nilsson for Tripping.
17:25 of 1st period - Paul Stastny wins face-off versus Vincent Lecavalier in Maple Leafs zone.
17:25 of 1st period - Paul Stastny is hit by Andrei Kostitsyn.
19:24 of 1st period - Penalty to Robert Nilsson is over, Robert Nilsson is back on ice.
19:44 of 1st period - Scott Hannan is hit by Claude Giroux and loses puck.
2nd period
0:01 of 2nd period - Martin St. Louis wins face-off versus Robert Nilsson in neutral zone.
0:01 of 2nd period - Vincent Lecavalier is hit by Robert Nilsson and loses puck.
0:25 of 2nd period - Tobias Enstrom is hit by David Vyborny.
0:31 of 2nd period - Slapshot by Dion Phaneuf.
0:31 of 2nd period - Shot Misses the Net.
1:38 of 2nd period - Wrist shot by Claude Giroux.
1:38 of 2nd period - Shot Misses the Net.
1:40 of 2nd period - Snap shot by Claude Giroux.
1:40 of 2nd period - Stopped by Chris Mason without a rebound.
1:41 of 2nd period - Vincent Lecavalier wins face-off versus Robert Nilsson in Flyers zone.
2:27 of 2nd period - Slapshot by Justin Williams.
2:27 of 2nd period - Stopped by Marc-André Fleury with a rebound.
2:29 of 2nd period - Snap shot by Justin Williams.
2:29 of 2nd period - Goal by Justin Williams - Flyers : 1 - Maple Leafs : 1.
2:30 of 2nd period - Vincent Lecavalier wins face-off versus Robert Nilsson in neutral zone.
2:36 of 2nd period - Minor Penalty to Alexander Frolov for Roughing.
2:37 of 2nd period - Vincent Lecavalier wins face-off versus Robert Nilsson in Maple Leafs zone.
2:46 of 2nd period - Snap shot by Vincent Lecavalier.
2:46 of 2nd period - Stopped by Marc-André Fleury with a rebound.
3:02 of 2nd period - Scottie Upshall is hit by Andy Hilbert and loses puck.
3:40 of 2nd period - Brendan Morrison is hit by Andrei Kostitsyn and loses puck.
4:36 of 2nd period - Penalty to Alexander Frolov is over, Alexander Frolov is back on ice.
4:39 of 2nd period - Wrist shot by Blair Betts.
4:39 of 2nd period - Stopped by Marc-André Fleury with a rebound.
6:46 of 2nd period - Snap shot by Paul Stastny.
6:46 of 2nd period - Shot Blocked by Chris Pronger.
6:57 of 2nd period - Icing by Jay Harrison.
6:58 of 2nd period - Brendan Morrison wins face-off versus Olli Jokinen in Maple Leafs zone.
9:22 of 2nd period - Snap shot by Justin Williams.
9:22 of 2nd period - Shot Blocked by Pierre-Marc Bouchard.
9:24 of 2nd period - Snap shot by Marcel Hossa.
9:24 of 2nd period - Stopped by Marc-André Fleury without a rebound.
9:25 of 2nd period - Robert Nilsson wins face-off versus Vincent Lecavalier in Maple Leafs zone.
9:42 of 2nd period - Wrist shot by Alexander Frolov.
9:42 of 2nd period - Stopped by Chris Mason without a rebound.
9:43 of 2nd period - Paul Stastny wins face-off versus Jeff O'Neill in Flyers zone.
9:46 of 2nd period - Snap shot by Paul Stastny.
9:46 of 2nd period - Shot Misses the Net.
9:48 of 2nd period - Snap shot by Paul Stastny.
9:48 of 2nd period - Stopped by Chris Mason with a rebound.
9:50 of 2nd period - Snap shot by Paul Stastny.
9:50 of 2nd period - Shot Misses the Net.
9:52 of 2nd period - Snap shot by Paul Stastny.
9:52 of 2nd period - Shot Misses the Net.
9:54 of 2nd period - Snap shot by Tobias Enstrom.
9:54 of 2nd period - Deflect By Scottie Upshall.
9:54 of 2nd period - Stopped by Chris Mason without a rebound.
9:55 of 2nd period - Vincent Lecavalier wins face-off versus Robert Nilsson in Flyers zone.
10:04 of 2nd period - Slapshot by Vincent Lecavalier.
10:04 of 2nd period - Shot Misses the Net.
10:06 of 2nd period - Slapshot by Chris Pronger.
10:06 of 2nd period - Shot Blocked by Claude Giroux.
10:28 of 2nd period - Slapshot by Nils Ekman.
10:28 of 2nd period - Shot Blocked by Chris Pronger.
10:30 of 2nd period - Slapshot by Dion Phaneuf.
10:30 of 2nd period - Deflect By Paul Stastny.
10:30 of 2nd period - Shot Misses the Net.
10:30 of 2nd period - Puck is out of play.
10:31 of 2nd period - Robert Nilsson wins face-off versus Jeff O'Neill in Flyers zone.
10:38 of 2nd period - Snap shot by Robert Nilsson.
10:38 of 2nd period - Shot Misses the Net.
10:40 of 2nd period - Wrist shot by Claude Giroux.
10:40 of 2nd period - Stopped by Chris Mason with a rebound.
10:42 of 2nd period - Snap shot by Alexander Frolov.
10:42 of 2nd period - Shot Blocked by Scottie Upshall.
10:44 of 2nd period - Wrist shot by Jay Harrison.
10:44 of 2nd period - Stopped by Chris Mason without a rebound.
10:45 of 2nd period - Robert Nilsson wins face-off versus Vincent Lecavalier in Flyers zone.
11:41 of 2nd period - Snap shot by Steve Ott.
11:41 of 2nd period - Stopped by Chris Mason without a rebound.
11:42 of 2nd period - Claude Giroux wins face-off versus Jeff O'Neill in Flyers zone.
11:55 of 2nd period - Minor Penalty to Jay Harrison for Hooking.
11:56 of 2nd period - Robert Nilsson wins face-off versus Jeff O'Neill in Maple Leafs zone.
12:08 of 2nd period - Minor Penalty to Jeff O'Neill for Roughing.
12:09 of 2nd period - Vincent Lecavalier wins face-off versus Claude Giroux in Flyers zone.
12:20 of 2nd period - Icing by Chris Pronger.
12:21 of 2nd period - Vincent Lecavalier wins face-off versus Claude Giroux in Flyers zone.
12:21 of 2nd period - Vincent Lecavalier is hit by Claude Giroux.
13:06 of 2nd period - Slapshot by Brett Clark.
13:06 of 2nd period - Deflect By Scottie Upshall.
13:06 of 2nd period - Stopped by Chris Mason with a rebound.
13:08 of 2nd period - Slapshot by Brett Clark.
13:08 of 2nd period - Goal by Brett Clark - Flyers : 1 - Maple Leafs : 2.
13:09 of 2nd period - Martin St. Louis wins face-off versus Robert Nilsson in neutral zone.
13:22 of 2nd period - Wrist shot by Dion Phaneuf.
13:22 of 2nd period - Stopped by Chris Mason with a rebound.
13:24 of 2nd period - Wrist shot by Robert Nilsson.
13:24 of 2nd period - Stopped by Chris Mason without a rebound.
13:25 of 2nd period - Claude Giroux wins face-off versus Vincent Lecavalier in Flyers zone.
13:55 of 2nd period - Penalty to Jay Harrison is over, Jay Harrison is back on ice.
14:08 of 2nd period - Penalty to Jeff O'Neill is over, Jeff O'Neill is back on ice.
14:20 of 2nd period - Slapshot by Jonathan Ericsson.
14:20 of 2nd period - Shot Blocked by Lasse Kukkonen.
14:44 of 2nd period - Wrist shot by Jamal Mayers.
14:44 of 2nd period - Stopped by Chris Mason without a rebound.
14:45 of 2nd period - Brendan Morrison wins face-off versus Vincent Lecavalier in Flyers zone.
14:54 of 2nd period - Wrist shot by Brendan Morrison.
14:54 of 2nd period - Stopped by Chris Mason with a rebound.
14:56 of 2nd period - Slapshot by Brendan Morrison.
14:56 of 2nd period - Shot Misses the Net.
14:58 of 2nd period - Wrist shot by Andy Hilbert.
14:58 of 2nd period - Shot Misses the Net.
15:08 of 2nd period - Claude Giroux is hit by James Wisniewski and loses puck.
15:19 of 2nd period - Wrist shot by Jeff O'Neill.
15:19 of 2nd period - Stopped by Marc-André Fleury without a rebound.
15:20 of 2nd period - Pierre-Marc Bouchard wins face-off versus Vincent Lecavalier in Maple Leafs zone.
15:45 of 2nd period - Nolan Pratt is hit by Claude Giroux and loses puck.
15:52 of 2nd period - Scottie Upshall is hit by Claude Giroux and loses puck.
16:13 of 2nd period - Slapshot by Brendan Morrison.
16:13 of 2nd period - Goal by Brendan Morrison - Flyers : 1 - Maple Leafs : 3.
16:14 of 2nd period - Robert Nilsson wins face-off versus Vincent Lecavalier in neutral zone.
16:16 of 2nd period - Off-side.
16:17 of 2nd period - Martin St. Louis wins face-off versus Robert Nilsson in neutral zone.
17:35 of 2nd period - Off-side.
17:36 of 2nd period - Blair Betts wins face-off versus Robert Nilsson in neutral zone.
17:39 of 2nd period - Slapshot by David Moss.
17:39 of 2nd period - Stopped by Marc-André Fleury with a rebound.
17:41 of 2nd period - Wrist shot by Eric Godard.
17:41 of 2nd period - Goal by Eric Godard - Flyers : 2 - Maple Leafs : 3.
17:42 of 2nd period - Claude Giroux wins face-off versus Vincent Lecavalier in neutral zone.
18:12 of 2nd period - Slapshot by Scottie Upshall.
18:12 of 2nd period - Goal by Scottie Upshall - Flyers : 3 - Maple Leafs : 3.
18:13 of 2nd period - Robert Nilsson wins face-off versus Vincent Lecavalier in neutral zone.
18:25 of 2nd period - Off-side.
18:26 of 2nd period - Robert Nilsson wins face-off versus Andrei Kostitsyn in neutral zone.
19:32 of 2nd period - Wrist shot by Brendan Morrison.
19:32 of 2nd period - Shot Blocked by James Wisniewski.
19:34 of 2nd period - Snap shot by Lasse Kukkonen.
19:34 of 2nd period - Shot Blocked by Scott Hannan.
19:36 of 2nd period - Wrist shot by Jamal Mayers.
19:36 of 2nd period - Goal by Jamal Mayers - Flyers : 3 - Maple Leafs : 4.
19:37 of 2nd period - Robert Nilsson wins face-off versus Vincent Lecavalier in neutral zone.
19:43 of 2nd period - Icing by Chris Pronger.
19:44 of 2nd period - Robert Nilsson wins face-off versus Vincent Lecavalier in Flyers zone.
19:57 of 2nd period - Wrist shot by Andrei Kostitsyn.
19:57 of 2nd period - Stopped by Marc-André Fleury with a rebound.
3rd period
0:01 of 3rd period - Vincent Lecavalier wins face-off versus Robert Nilsson in neutral zone.
0:37 of 3rd period - Snap shot by Eric Godard.
0:37 of 3rd period - Shot Misses the Net.
1:07 of 3rd period - Slapshot by Nolan Pratt.
1:07 of 3rd period - Deflect By Alex Goligoski.
1:07 of 3rd period - Stopped by Marc-André Fleury with a rebound.
1:09 of 3rd period - Slapshot by Mike Lundin.
1:09 of 3rd period - Stopped by Marc-André Fleury with a rebound.
1:11 of 3rd period - Slapshot by Martin St. Louis.
1:11 of 3rd period - Stopped by Marc-André Fleury with a rebound.
1:13 of 3rd period - Wrist shot by Martin St. Louis.
1:13 of 3rd period - Shot Misses the Net.
1:20 of 3rd period - Minor Penalty to James Wisniewski for Roughing.
1:21 of 3rd period - Robert Nilsson wins face-off versus Scottie Upshall in Flyers zone.
3:20 of 3rd period - Penalty to James Wisniewski is over, James Wisniewski is back on ice.
3:45 of 3rd period - Alex Goligoski is hit by Blair Betts and loses puck.
4:16 of 3rd period - Jay Harrison is hit by Jonathan Ericsson and loses puck.
4:29 of 3rd period - Jay Harrison is hit by Mike Lundin and loses puck.
4:42 of 3rd period - Snap shot by Paul Stastny.
4:42 of 3rd period - Stopped by Chris Mason without a rebound.
4:43 of 3rd period - Blair Betts wins face-off versus Paul Stastny in Flyers zone.
4:50 of 3rd period - Backhand shot by Eric Godard.
4:50 of 3rd period - Deflect By David Moss.
4:50 of 3rd period - Stopped by Marc-André Fleury without a rebound.
4:51 of 3rd period - Robert Nilsson wins face-off versus Vincent Lecavalier in Maple Leafs zone.
4:51 of 3rd period - Robert Nilsson is hit by Andrei Kostitsyn.
5:40 of 3rd period - Slapshot by Tobias Enstrom.
5:40 of 3rd period - Deflect By Justin Williams.
5:40 of 3rd period - Stopped by Chris Mason without a rebound.
5:41 of 3rd period - Andy Hilbert wins face-off versus Vincent Lecavalier in Flyers zone.
5:46 of 3rd period - Wrist shot by Brendan Morrison.
5:46 of 3rd period - Stopped by Chris Mason with a rebound.
5:48 of 3rd period - Slapshot by Alex Goligoski.
5:48 of 3rd period - Stopped by Chris Mason with a rebound.
5:50 of 3rd period - Slapshot by Lasse Kukkonen.
5:50 of 3rd period - Shot Misses the Net.
5:52 of 3rd period - Slapshot by Alex Goligoski.
5:52 of 3rd period - Shot Blocked by Jonathan Ericsson.
5:54 of 3rd period - Slapshot by Alex Goligoski.
5:54 of 3rd period - Stopped by Chris Mason without a rebound.
5:55 of 3rd period - Jeff O'Neill wins face-off versus Robert Nilsson in Flyers zone.
6:28 of 3rd period - Chris Pronger is hit by Brett Clark and loses puck.
6:49 of 3rd period - Snap shot by Chris Pronger.
6:49 of 3rd period - Stopped by Marc-André Fleury with a rebound.
6:57 of 3rd period - Slapshot by Steve Ott.
6:57 of 3rd period - Stopped by Chris Mason without a rebound.
6:58 of 3rd period - Robert Nilsson wins face-off versus Jeff O'Neill in Flyers zone.
7:25 of 3rd period - Byron Bitz is hit by Marcel Hossa and loses puck.
7:36 of 3rd period - Wrist shot by Olli Jokinen.
7:36 of 3rd period - Shot Misses the Net.
7:38 of 3rd period - Wrist shot by Marcel Hossa.
7:38 of 3rd period - Shot Misses the Net.
7:45 of 3rd period - Icing by Byron Bitz.
7:46 of 3rd period - Pierre-Marc Bouchard wins face-off versus Vincent Lecavalier in Maple Leafs zone.
7:46 of 3rd period - Pierre-Marc Bouchard is hit by Mike Lundin.
8:20 of 3rd period - Snap shot by Scottie Upshall.
8:20 of 3rd period - Shot Misses the Net.
8:22 of 3rd period - Slapshot by Nolan Pratt.
8:22 of 3rd period - Stopped by Marc-André Fleury without a rebound.
8:23 of 3rd period - Alexander Frolov wins face-off versus Jeff O'Neill in Maple Leafs zone.
8:28 of 3rd period - Wrist shot by Jeff O'Neill.
8:28 of 3rd period - Shot Blocked by Tobias Enstrom.
8:48 of 3rd period - Dion Phaneuf is hit by Jonathan Ericsson and loses puck.
9:51 of 3rd period - Slapshot by Alexander Frolov.
9:51 of 3rd period - Stopped by Chris Mason with a rebound.
10:01 of 3rd period - Alex Goligoski is hit by David Vyborny and loses puck.
10:38 of 3rd period - Snap shot by Paul Stastny.
10:38 of 3rd period - Stopped by Chris Mason without a rebound.
10:39 of 3rd period - Jeff O'Neill wins face-off versus Paul Stastny in Flyers zone.
11:04 of 3rd period - Robert Nilsson is hit by Andrei Kostitsyn and loses puck.
11:52 of 3rd period - Slapshot by Brendan Morrison.
11:52 of 3rd period - Stopped by Chris Mason with a rebound.
12:55 of 3rd period - Snap shot by Lasse Kukkonen.
12:55 of 3rd period - Stopped by Chris Mason with a rebound.
14:25 of 3rd period - Wrist shot by Andrei Kostitsyn.
14:25 of 3rd period - Shot Misses the Net.
14:48 of 3rd period - Wrist shot by Andrei Kostitsyn.
14:48 of 3rd period - Shot Blocked by Brett Clark.
15:11 of 3rd period - Snap shot by Justin Williams.
15:11 of 3rd period - Stopped by Marc-André Fleury with a rebound.
15:13 of 3rd period - Slapshot by Nolan Pratt.
15:13 of 3rd period - Deflect By Justin Williams.
15:13 of 3rd period - Stopped by Marc-André Fleury without a rebound.
15:14 of 3rd period - Olli Jokinen wins face-off versus Paul Stastny in Maple Leafs zone.
15:21 of 3rd period - Snap shot by Olli Jokinen.
15:21 of 3rd period - Stopped by Marc-André Fleury with a rebound.
15:23 of 3rd period - Wrist shot by Justin Williams.
15:23 of 3rd period - Stopped by Marc-André Fleury with a rebound.
15:25 of 3rd period - Snap shot by Marcel Hossa.
15:25 of 3rd period - Stopped by Marc-André Fleury without a rebound.
15:26 of 3rd period - Marcel Hossa wins face-off versus Steve Ott in Maple Leafs zone.
17:25 of 3rd period - Slapshot by Steve Ott.
17:25 of 3rd period - Stopped by Chris Mason without a rebound.
17:26 of 3rd period - Robert Nilsson wins face-off versus Blair Betts in Flyers zone.
17:31 of 3rd period - Snap shot by Robert Nilsson.
17:31 of 3rd period - Stopped by Chris Mason without a rebound.
17:32 of 3rd period - Blair Betts wins face-off versus Robert Nilsson in Flyers zone.
17:39 of 3rd period - Slapshot by Dion Phaneuf.
17:39 of 3rd period - Shot Misses the Net.
17:41 of 3rd period - Wrist shot by Alexander Frolov.
17:41 of 3rd period - Deflect By Robert Nilsson.
17:41 of 3rd period - Shot Misses the Net.
17:41 of 3rd period - Puck is out of play.
17:42 of 3rd period - Olli Jokinen wins face-off versus Paul Stastny in Flyers zone.
18:16 of 3rd period - Wrist shot by Robert Nilsson.
18:16 of 3rd period - Deflect By Claude Giroux.
18:16 of 3rd period - Stopped by Chris Mason without a rebound.
18:17 of 3rd period - Vincent Lecavalier wins face-off versus Robert Nilsson in Flyers zone.
18:24 of 3rd period - Slapshot by Martin St. Louis.
18:24 of 3rd period - Stopped by Marc-André Fleury without a rebound.
18:25 of 3rd period - Robert Nilsson wins face-off versus Vincent Lecavalier in Maple Leafs zone.
19:03 of 3rd period - Minor Penalty to Claude Giroux for Hooking.
19:03 of 3rd period - Minor Penalty to Martin St. Louis for Interference.
19:04 of 3rd period - Vincent Lecavalier wins face-off versus Steve Ott in Flyers zone.
19:13 of 3rd period - Flyers, Chris Mason is pulled from the net.
Output by the SimonT Hockey Simulator (STHS) for François Prévost -- Original Page W3C XHTML 1.0 Valid